 Dungeon Crawl Stone Soup version 0.28.0-53-g5a82cb258f (webtiles) character file.

Game seed: 12658499435970200976

13 infcreate the Sneak (level 2, 15/15 HPs)
             Began as a Vampire Enchanter on July 29, 2022.
             Quit the game on level 1 of the Dungeon.
             The game lasted 00:01:33 (579 turns).

infcreate the Sneak (Vampire Enchanter)              Turns: 579, Time: 00:01:33

Health: 15/15      AC:  6    Str:  7    XL:     2   Next: 24%
Magic:  5/5        EV: 12    Int: 17    God:
Gold:   12         SH:  0    Dex: 14    Spells: 3/5 levels left

rFire   . . .      SeeInvis +   a - +1 dagger
rCold   + + .      Faith    .   (no shield)
rNeg    + + +      Spirit   .   b - +0 robe
rPois   ∞          Reflect  .   (no helmet)
rElec   .          Harm     .   (no cloak)
rCorr   .          Rampage  .   (no gloves)
Will    .....                   (no boots)
Stlth   +++++.....              (no amulet)
HPRegen 0.05/turn               T - +4 ring of protection
MPRegen 0.09/turn               (no ring)

@: bloodless
A: bloodless, fangs 3, see invisible, vampiric 1
a: Revivify


You were on level 1 of the Dungeon.
You visited 1 branch of the dungeon, and saw 1 of its levels.

You collected 12 gold pieces.


Innate Abilities, Weirdness & Mutations

You do not regenerate when monsters are visible.
You are frail without blood (-20% HP).
You can heal yourself when you bite living creatures.
You are immune to poison.
You have razor-sharp teeth.
You have supernaturally acute eyesight. (SInv)
You are afflicted with vampirism.


   Skills:
 + Level 1.4 Short Blades
 + Level 2.4 Dodging
 + Level 4.6 Stealth
 + Level 2.1 Spellcasting
 + Level 4.6 Hexes


You had 3 spell levels left.
You knew the following spells:

 Your Spells              Type           Power      Damage    Failure   Level
e - Ensorcelled Hibernat  Hex/Ice        18%        N/A       11%         2

Your spell library contained the following spells:

 Spells                   Type           Power      Damage    Failure   Level
 Confusing Touch          Hex            17%        N/A       9%          3
 Tukima's Dance           Hex            17%        N/A       9%          3
 Dazzling Flash           Conj/Hex       18%        N/A       22%         3

Inventory:

Hand Weapons
 a - a +1 dagger (weapon)
Armour
 b - a +0 robe (worn)
Jewellery
 t - a +4 ring of protection
 T - a +4 ring of protection (left hand)
Potions
 c - a potion of invisibility

Dungeon Overview and Level Annotations

Branches:
Dungeon (1/15)

Altars:

##▓.#.## ##.##.#.###
▓......▓ #.##...#
#......########## #......#
▓.▓.#.▓▓#.......###......#
#......########..........#
▓......▓#.. ######......#
#▓#.##.##................#
▓......▓ #..#######...####
#......# #..@.).........#
▓##...<▓
######....####....
#......# #...#.....####.
▓......▓ ##............
#.#.##▓# ##.............
▓......▓ #.......K......
#......# #..............
▓▓..#▓.▓ #.....b.....w..
#......# #........b....b


There were no monsters in sight!


Message History

You see here a +4 ring of protection.
t - a +4 ring of protection A dart slug comes into view.
Casting: Ensorcelled Hibernation (safe; 11% risk of failure)
Confirm with . or Enter, or press ? or * to list all spells.
Aiming: Ensorcelled Hibernation (safe; 11% risk of failure)
Press: ? - help, Shift-Dir - straight line, f - goblin
Aim: a goblin, wielding a +0 dagger (chance to affect: 61%)
The goblin resists with significant effort.
The goblin hits you but does no damage.
You hit the goblin.
The goblin is heavily wounded.
The goblin hits you but does no damage.
You barely miss the goblin.
The goblin is heavily wounded.
The goblin barely misses you.
You hit the goblin.
You kill the goblin!
You see here a +0 dagger.
Casting: Ensorcelled Hibernation (safe; 11% risk of failure)
Confirm with . or Enter, or press ? or * to list all spells.
Aiming: Ensorcelled Hibernation (safe; 11% risk of failure)
Press: ? - help, Shift-Dir - straight line, f - kobold
Aim: a kobold, wielding a +0 dagger (wandering, hasn't noticed you, chance to affect: 61%)
The kobold shouts!
The kobold looks drowsy...
A bat comes into view.
You start resting.
Magic restored.
Are you sure you want to abandon this character and quit the game? (Confirm with "yes".)

Action                   || total
-------------------------++-------
Melee: Dagger            ||    18
       Bite              ||     1
 Cast: Ensorcelled Hiber ||     4
 Abil: Exsanguinate      ||     1
 Stab: Sleeping          ||     4
Armor: Robe              ||     2
Dodge: Dodged            ||     5

Levels and vault maps discovered:
D:1:      dpeg_arrival_ternary, layout_rooms,
          hellmonk_ecumenical_altar_prayer_group

Notes
Turn   | Place    | Note
-------+----------+-------------------------------------------
     0 | D:1      | infcreate the Vampire Enchanter began the quest for the
                  | Orb.
     0 | D:1      | Reached XP level 1. HP: 13/13 MP: 3/3
   357 | D:1      | Reached XP level 2. HP: 15/15 MP: 5/5
   360 | D:1      | Learned a level 2 spell: Ensorcelled Hibernation
   579 | D:1      | Quit the game

Vanquished Creatures
  A dart slug (D:1)
  A ball python (D:1)
  2 bats (D:1)
  3 goblins (D:1)
  A jackal (D:1)
  A rat (D:1)
9 creatures vanquished.

Table legend: (Time is in decaauts)
 A = Elapsed time spent in this place.
 B = Non-inter-level travel time spent in this place.
 C = Inter-level travel time spent in this place.
 D = Time resting spent in this place.
 E = Time spent auto-exploring this place.
 F = Levels seen in this place.
 G = Mean time per level.
                   A        B        C        D        E       F      G
               +--------+--------+--------+--------+--------+-----+--------+
         Total |    577 |    504 |     73 |     38 |    341 |   1 |  577.0 |
       Dungeon |    577 |    504 |     73 |     38 |    341 |   1 |  577.0 |
               +--------+--------+--------+--------+--------+-----+--------+

Top non-repeatable levels by time:
     D:1: 577 daAuts

Table legend:
 A = Non-vault XP
 B = Vault XP
 C = Vault XP percentage of total XP
 D = Non-vault monster count
 E = Vault monster count
 F = Vault count percentage of total count
                 A         B        C        D         E       F
            +---------+---------+-------+---------+---------+-------
      Total |      19 |       0 |   0.0 |       9 |       0 |   0.0
            +---------+---------+-------+---------+---------+-------
        D:1 |      19 |       0 |   0.0 |       9 |       0 |   0.0
            +---------+---------+-------+---------+---------+-------
